 Dungeon Crawl Stone Soup version 0.31-a0-265-gcf7e37af1d (webtiles) character file.

Game seed: 13382952477065262325

67 qw the Shooter (level 4, -10/26 HPs)
             Began as a Gargoyle Hexslinger on July 13, 2023.
             Killed by divine providence
             ... invoked by an orc priest
              (15 damage)
             ... on level 2 of the Dungeon.
             The game lasted 00:00:33 (1162 turns).

qw the Shooter (Gargoyle Hexslinger)                Turns: 1162, Time: 00:00:34

Health: -10/26     AC:  6    Str: 12    XL:     4   Next: 18%
Magic:  5/5        EV: 12    Int: 13    God:
Gold:   35         SH:  0    Dex: 14    Spells: 4/5 levels left

rFire   + . .        Y - +1 sling
rCold   . . .        (no shield)
rNeg    + . .        c - +0 robe
rPois   inf          (no helmet)
rElec   +            (no cloak)
rCorr   .            (no gloves)
SInv    .            g - +0 pair of boots
Will    .....        (no amulet)
Stlth   +            d - ring "Akal Keth" {rF+ Slay+2}
HPRegen 0.24/turn    (no ring)
MPRegen 0.09/turn

%: no passive effects
@: hasted, very quick
A: sickness immunity, AC +3, negative energy resistance 1, electricity
resistance, torment resistance 1, petrification resistance
a: no special abilities


You were on level 2 of the Dungeon.
You visited 1 branch of the dungeon, and saw 3 of its levels.

You collected 35 gold pieces.


Innate Abilities, Weirdness & Mutations

You are immune to sickness and miasma.
Your stone body is resilient. (AC +3)
You are immune to poison.
You resist negative energy. (rN+)
You are resistant to electric shocks. (rElec)
You are resistant to unholy torment.
You are immune to petrification.


   Skills:
 - Level 2.0 Fighting
 + Level 4.0 Ranged Weapons
 - Level 1.5 Dodging
 - Level 1.0 Spellcasting
 - Level 2.6 Hexes


You had 4 spell levels left.
You knew the following spells:

 Your Spells              Type           Power      Damage    Failure   Level
a - Slow                  Hex            28%        N/A       10%         1

Your spell library contained the following spells:

 Spells                   Type           Power      Damage    Failure   Level
 Inner Flame              Hex/Fire       4%         N/A       43%         3
 Portal Projectile        Hex/Tloc       8%         N/A       43%         3
 Cause Fear               Hex            3%         N/A       67%         4

Inventory:

Hand Weapons
 Y - a +1 sling (weapon)
Armour
 c - a +0 robe (worn)
 g - a +0 pair of boots (worn)
Jewellery
 d - the ring "Akal Keth" (left hand) {rF+ Slay+2}
   (You found it on level 2 of the Dungeon)

   [ring of protection from fire]

   Slay:      It affects your accuracy & damage with ranged weapons and melee
   (+2).
   rF:        It protects you from fire.
Potions
 a - a potion of haste
 b - a potion of curing
 e - a potion of might {unknown}

Dungeon Overview and Level Annotations

Branches:
Dungeon (3/15)

Altars:


Message History

You shoot a sling bullet.
The sling bullet closely misses the orc.
The bat misses you. The orc barely misses you.
You shoot a sling bullet. The sling bullet hits the orc.
You kill the orc!
The bat barely misses you.
The orc priest hits you with a +0 flail!
1156 ||| STAIRDANCE The orc priest hits you with a +0 flail!
You climb upwards.
There is a stone staircase leading down here.
Enter note:
Enter note:
Enter note:
Enter note:
Enter note:
Enter note:
Enter note:
Enter note:
Enter note:
Enter note:
Enter note:
Enter note: You shoot a sling bullet.
The sling bullet hits the orc priest.
The orc priest is lightly wounded.
You shoot a sling bullet. The sling bullet hits the orc priest.
The orc priest is heavily wounded.
The orc priest hits you with a +0 flail.
You shoot a sling bullet. The sling bullet hits the orc priest.
The orc priest is almost dead.
The orc priest hits you with a +0 flail.
You shoot a sling bullet.
The sling bullet barely misses the orc priest.
The orc priest hits you with a +0 flail.
You shoot a sling bullet.
The sling bullet closely misses the orc priest.
The orc priest mumbles some strange prayers to Beogh against you.
Beogh smites you!
Ouch! That really hurt!
You die...

####### #.....# #.....#
####### ##.....# #...¤¤#
#......# #.###¤# #.#.####
#)# #¤# #.#.##
#.###¤####@o..##
#.##...........############
#.########.###.............
#.# #.#.....##########
#.##### #.......##...#
#.....# ##..##..##.#.#
#####.# ##.##.....#.# #.#
#.##.#####.#####
#.######.....# #.#...#


You could see an orc priest.

Vanquished Creatures
  2 adders (D:2)
  A worm (D:2)
  2 dart slugs
  2 orcs (D:3)
  2 endoplasms
  2 giant cockroaches (D:1)
  3 goblins
  2 hobgoblins (D:2)
  4 jackals (D:1)
  6 kobolds
  2 quokkas (D:1)
  5 ball pythons (D:1)
  5 bats
  A frilled lizard (D:1)
  2 rats (D:2)
41 creatures vanquished.

Notes
Turn   | Place    | Note
-------+----------+-------------------------------------------
     0 | D:1      | qw the Gargoyle Hexslinger began the quest for the Orb.
     0 | D:1      | Reached XP level 1. HP: 12/12 MP: 2/2
     0 | D:1      | 0 ||| qw: Version: 0.3-a-52-g30416fa
     0 | D:1      | 0 ||| qw: Game counter: 7576
     0 | D:1      | 0 ||| qw: Melee chars always use a shield: true
     0 | D:1      | 0 ||| qw: God list: Okawaru
     0 | D:1      | 0 ||| qw: Allow faded altars: false
     0 | D:1      | 0 ||| qw: Do Orc after clearing Dungeon:15 true
     0 | D:1      | 0 ||| qw: Do second Lair branch before Depths: true
     0 | D:1      | 0 ||| qw: Lair rune preference: random
     0 | D:1      | 0 ||| qw: Goals: Normal
     0 | D:1      | 0 ||| PLANNING D:1-11
    33 | D:1      | Reached XP level 2. HP: 10/16 MP: 3/3
   150 | D:1      | Reached skill level 3 in Ranged Weapons
   248 | D:1      | Reached XP level 3. HP: 21/21 MP: 4/4
   389 | D:1      | 389 ||| UPGRADING to +0 pair of boots.
   394 | D:1      | 394 ||| READING scroll labelled CUIWNI NAJO.
   395 | D:1      | 395 ||| READING scroll labelled COMPAO COBBATH.
   399 | D:1      | 399 ||| READING scroll labelled UTIBIA YMMUF.
   400 | D:1      | 400 ||| DROPPING scroll of poison.
   746 | D:2      | Identified the ring "Akal Keth" {rF+ Slay+2}
  1037 | D:2      | Reached XP level 4. HP: 21/26 MP: 5/5
  1137 | D:2      | 1137 ||| UPGRADING to ring "Akal Keth" {rF+ Slay+2}.
  1138 | D:2      | 1138 ||| READING scroll labelled RUCOUM HOUKYRGH.
  1139 | D:2      | 1139 ||| DRINKING 2 cyan potions.
  1140 | D:2      | 1140 ||| DRINKING 2 white potions.
  1153 | D:3      | Reached skill level 4 in Ranged Weapons
  1156 | D:3      | 1156 ||| STAIRDANCE
  1160 | D:2      | HP: 6/26 [orc priest/+0 flail (4)]
  1162 | D:2      | Killed from afar by an orc priest

Levels and vault maps discovered:
D:1:      tarquinn_simple_flora_water_e, layout_rooms
D:2:      layout_basic
D:3:      layout_rooms, serial_shops, nicolae_shop_real_fake_doors

Skill      XL: |  1  2  3  4 |
---------------+-------------+-----
Ranged Weapons | 3 4 |  4.0
Fighting       | 2 |  2.0
Dodging        | |  1.5
Spellcasting   | |  1.0
Hexes          | |  2.6

Action                     |  1- 3 |  4- 6 || total
---------------------------+-------+-------++-------
   Fire: Sling             |   119 |    13 ||   132
    Use: Scroll            |     3 |     1 ||     4
         Potion            |       |     2 ||     2
 Armour: Robe              |    21 |     1 ||    22
  Dodge: Dodged            |    48 |     4 ||    52

Table legend:
 A = Non-vault XP
 B = Vault XP
 C = Vault XP percentage of total XP
 D = Non-vault monster count
 E = Vault monster count
 F = Vault count percentage of total count
                 A         B        C        D         E       F
            +---------+---------+-------+---------+---------+-------
      Total |      97 |       0 |   0.0 |      41 |       0 |   0.0
            +---------+---------+-------+---------+---------+-------
        D:1 |      40 |       0 |   0.0 |      23 |       0 |   0.0
        D:2 |      51 |       0 |   0.0 |      16 |       0 |   0.0
        D:3 |       6 |       0 |   0.0 |       2 |       0 |   0.0
            +---------+---------+-------+---------+---------+-------
